 Dungeon Crawl Stone Soup version 0.27-a0-379-g34d631faf5 (webtiles) character file.

Game seed: 14642736793875405473

3873 Chiseanne the Skirmisher (level 10, 63/79 HPs)
             Began as a Demonspawn Wanderer on Feb 17, 2021.
             Was an Initiate of Gozag.
             Quit the game on level 9 of the Dungeon.
             The game lasted 00:24:07 (11401 turns).

Chiseanne the Skirmisher (Demonspawn Wanderer)     Turns: 11401, Time: 00:24:07

Health: 63/79      AC:  7    Str: 12    XL:     10   Next: 0%
Magic:  8/10       EV: 14    Int: 17    God:    Gozag
Gold:   327        SH:  5    Dex: 17    Spells: 6/9 levels left

rFire    + . .     SeeInvis .   s - +8 mace "Emopitu" {vorpal, rN+}
rCold    . . .     Faith    .   (no shield)
rNeg     + . .     Spirit   +   i - +0 ring mail
rPois    .         Reflect  +   (helmet restricted)
rElec    .         Harm     .   f - +0 cloak
rCorr    .         Rampage  .   (no gloves)
Will     .....                  (no boots)
Stlth    +++++.....             h - amulet of reflection
HPRegen  0.23/turn              r - ring of protection from fire
MPRegen  0.24/turn              (no ring)

@: gold aura
A: antennae 1, thin skeletal structure 2, magic shield, magic regeneration
a: Renounce Religion, Potion Petition, Call Merchant, Bribe Branch


You were on level 9 of the Dungeon.
You worshipped Gozag.
Gozag was aware of your devotion.
You visited 2 branches of the dungeon, and saw 10 of its levels.
You also visited: Sewer.

You collected 1241 gold pieces.
You spent 198 gold pieces at shops.
You paid 716 gold pieces to Gozag.

Inventory:

Hand Weapons
 a - the +5 rapier "Tosah" {freeze, rPois}
   (You bought it in a shop on level 9 of the Dungeon)

   It has been specially enchanted to freeze those struck by it, causing extra
   injury to most foes and up to half again as much damage against particularly
   susceptible opponents.
   It can also slow down cold-blooded creatures.
   It protects you from poison.
 s - the +8 mace "Emopitu" (weapon) {vorpal, rN+}
   (You found it on level 6 of the Dungeon)

   It inflicts extra damage upon your enemies.
   It protects you from negative energy.
 D - a +2 vampiric war axe
 F - a +1 dagger of venom
Missiles
 e - 166 stones
 k - 90 sling bullets
 l - 10 javelins
 m - 12 poisoned darts (quivered)
 n - 156 arrows
 u - 8 boomerangs
 H - 21 bolts
Armour
 f - a +0 cloak (worn)
 i - a +0 ring mail (worn)
 E - the +0 cloak "Exkaab" {rElec rCorr Dex-4}
   (You found it on level 6 of the Dungeon)

   It affects your dexterity (-4).
   It insulates you from electricity.
   It provides partial protection from all sources of acid and corrosion.
 G - a +0 helmet
Jewellery
 h - an amulet of reflection (around neck)
 r - a ring of protection from fire (left hand)
Wands
 p - a wand of charming (3)
 v - a wand of digging (4)
 w - a wand of flame (14)
Scrolls
 b - 3 scrolls of identify
 j - 2 scrolls of amnesia
 y - 3 scrolls of teleportation
 A - 3 scrolls of fear
Potions
 c - 4 potions of lignification
 d - 3 potions of curing
 g - 2 potions of heal wounds
 o - a potion of flight {unknown}
 q - 2 potions of might
 t - a potion of berserk rage
 x - a potion of ambrosia {unknown}
 z - a potion of resistance {unknown}
 B - 3 potions of magic


   Skills:
 * Level 7.3 Fighting
 - Level 2.7 Long Blades
 * Level 2.8 Maces & Flails
 - Level 1.0 Bows
 - Level 1.0 Throwing
 * Level 6.5 Armour
 * Level 6.4 Dodging
 * Level 6.7 Stealth
 - Level 1.0 Shields


You had 6 spell levels left.
You knew the following spells:

 Your Spells              Type           Power        Failure   Level
a - Magic Dart            Conj           0%           43%         1
b - Searing Ray           Conj           0%           58%         2

Your spell library contained the following spells:

 Spells                   Type           Power        Failure   Level
 Animate Skeleton         Necr           0%           43%         1
 Pain                     Necr           0%           43%         1
 Summon Small Mammal      Summ           0%           43%         1
 Blink                    Tloc           N/A          58%         2
 Call Imp                 Summ           0%           58%         2
 Slow                     Hex            0%           58%         2
 Call Canine Familiar     Summ           0%           82%         3
 Conjure Flame            Conj/Fire      0%           82%         3
 Dazzling Flash           Conj/Hex       0%           82%         3
 Mephitic Cloud           Conj/Pois/Air  0%           82%         3
 Summon Guardian Golem    Hex/Summ       0%           82%         3
 Vampiric Draining        Necr           0%           82%         3
 Animate Dead             Necr           0%           99%         4
 Fulminant Prism          Conj/Hex       0%           99%         4
 Iskenderun's Mystic Bla  Conj/Tloc      0%           99%         4
 Summon Ice Beast         Ice/Summ       0%           99%         4
 Summon Lightning Spire   Summ/Air       0%           99%         4
 Agony                    Necr           0%           100%        5


Dungeon Overview and Level Annotations

Branches:
Dungeon (9/15)             Temple (1/1) D:6           Sewer (visited)
   Lair: D:8-11         Orc: D:9-12

Altars:
Ashenzari
Cheibriados
Dithmenos
Elyvilon
Fedhas
Gozag
Hepliaklqana
Makhleb
Nemelex Xobeh
Okawaru
Qazlal
Ru
Trog
Uskayaw
Xom
Yredelemnul
Zin
The Shining One

Shops:
D:9 (

Annotations:
D:4 exclusion: downstairs
D:5 Edmund


Innate Abilities, Weirdness & Mutations

You have a pair of small antennae on your head.
You have a moderately thin skeletal structure. (Dex +4, Stealth+)
When hurt, damage is shared between your health and your magic reserves.
You regenerate magic rapidly.


Message History

You impale the bullfrog skeleton!!
You destroy the bullfrog skeleton!
You now have 327 gold pieces (gained 4).
e - 166 stones (gained 23)
An orc priest comes into view.
It is wielding a +1 trident of freezing.
Found a book of Minor Magic.
Found a ring mail.
An orc warrior comes into view.
It is wielding a +2 glaive of protection.
An orc comes into view.
The helpless orc priest fails to defend itself.
You impale the orc priest!! You freeze the orc priest.
You kill the orc priest!
The orc becomes distracted by the nearby gold, dreaming of imaginary riches.
The orc is no longer distracted by gold.
The helpless orc warrior fails to defend itself.
You puncture the orc warrior! You freeze the orc warrior.
The orc warrior is severely wounded.
The orc hits you but does no damage. You block the orc warrior's attack.
The orc closely misses you.
The +5 rapier "Tosah" {freeze, rPois} stops glowing.
s - the +8 mace "Emopitu" (weapon)
{vorpal, rN+} You hit the orc warrior but do no damage.
The orc warrior is severely wounded.
The orc warrior hits you with a +2 glaive of protection!!
The orc closely misses you.
You hit the orc warrior.
You kill the orc warrior!
The orc completely misses you.
The orc becomes distracted by the nearby gold, dreaming of imaginary riches.
You have reached level 10!
Your demonic ancestry asserts itself...
A pair of antennae grows on your head!
Your +0 helmet falls away!
The orc shouts!
You sock the orc!
You kill the orc!
You hear two shouts!
A two-headed ogre comes into view.
It is wielding a +0 giant spiked club and a +0 dire flail.
You see here 6 gold pieces.
Are you sure you want to abandon this character and quit the game? (Confirm with "yes".)

##. #..$..# #.#
#####.....###.# ## ..#
#..........:..# ..#
#.###.###.....#######..#
......# #.....##.......
#.##### ###.#..$....#
#.##### #.#.......#.#
......# #.#........##
#.###.# #[....@.$..O#
..###.# ###.......##.#
#.....# #.......#
...##.# #.......#
##.##.# ####.#### .##.#
#.# $ .##.# #.# #.###
#.# #...#


You could see a two-headed ogre.

Vanquished Creatures
  Joseph (D:8)
  A troll (D:9)
  Sigmund (D:4)
  Eustachio (D:4)
  Duvessa (D:7)
  5 orc warriors
  An ice beast (D:9)
  7 ogres
  3 centaurs
  A kobold brigand (D:7)
  Dowan (D:7)
  2 scorpions
  A water moccasin skeleton (D:4)
  3 wights (D:9)
  An electric eel (D:8)
  A centaur skeleton (D:8)
  A bullfrog zombie (D:9)
  3 hounds
  A jelly (D:8)
  4 orc priests
  Crazy Yiuf (D:6)
  4 gnoll shamans (D:7)
  2 bullfrog skeletons
  Jessica (D:2)
  2 iguanas
  4 worker ants
  8 orc wizards
  A hound skeleton (D:6)
  A worker ant zombie (D:7)
  A howler monkey skeleton (D:7)
  6 gnolls (D:7)
  6 adders
  5 river rats
  3 white imps
  An ooze (D:1)
  An adder skeleton (D:9)
  2 worms (D:3)
  2 dart slugs (D:1)
  2 leopard geckos
  21 orcs
  3 ball pythons
  7 bats
  9 giant cockroaches
  8 goblins
  5 hobgoblins
  8 jackals
  5 quokkas
  12 frilled lizards
  3 kobolds
  A leopard gecko skeleton (D:4)
  6 rats
181 creatures vanquished.

Vanquished Creatures (collateral kills)
  An orc warrior (D:9)
  4 orcs (D:9)
5 creatures vanquished.

Vanquished Creatures (others)
  6 fungi (D:7)
  16 plants (D:7)
22 creatures vanquished.

Grand Total: 208 creatures vanquished

Notes
Turn   | Place    | Note
-------+----------+-------------------------------------------
     0 | D:1      | Chiseanne the Demonspawn Wanderer began the quest for the
                  | Orb.
     0 | D:1      | Chiseanne set off with the following items: a +2 dagger, a
                  | curare-tipped dart, a +0 falchion, a potion of curing, a +0
                  | robe
     0 | D:1      | Reached XP level 1. HP: 16/16 MP: 1/1
   154 | D:1      | Gained mutation: You have a somewhat thin skeletal
                  | structure. (Dex +2, Stealth) [demonic ancestry]
   154 | D:1      | Reached XP level 2. HP: 10/23 MP: 2/2
   357 | D:1      | Reached skill level 1 in Dodging
   882 | D:1      | Reached XP level 3. HP: 17/28 MP: 3/3
  1368 | D:2      | Found an iron altar of Okawaru.
  1369 | D:2      | Noticed Jessica
  1373 | D:2      | Killed Jessica
  1374 | D:2      | Reached skill level 1 in Stealth
  2247 | D:3      | Gained mutation: You have a moderately thin skeletal
                  | structure. (Dex +4, Stealth+) [demonic ancestry]
  2247 | D:3      | Reached XP level 4. HP: 33/34 MP: 4/4
  2610 | D:3      | Reached skill level 3 in Fighting
  3106 | D:3      | Found a hide-covered altar of Uskayaw.
  3431 | D:4      | Noticed an ogre
  3467 | D:4      | Killed an ogre
  3468 | D:4      | Reached XP level 5. HP: 19/41 MP: 5/5
  3847 | D:4      | Noticed Eustachio
  3871 | D:4      | Killed Eustachio
  3872 | D:4      | Gained mutation: You regenerate magic rapidly. [demonic
                  | ancestry]
  3872 | D:4      | Reached XP level 6. HP: 30/48 MP: 6/6
  4248 | D:4      | Reached skill level 4 in Fighting
  4867 | D:4      | Noticed Sigmund
  4870 | D:4      | Killed Sigmund
  4871 | D:4      | Gained mutation: When hurt, damage is shared between your
                  | health and your magic reserves. [demonic ancestry]
  4871 | D:4      | Reached XP level 7. HP: 55/55 MP: 7/7
  5032 | D:5      | Entered Level 5 of the Dungeon
  5032 | D:5      | Noticed Edmund
  5242 | D:6      | Found a staircase to the Ecumenical Temple.
  5251 | Temple   | Entered the Ecumenical Temple
  5281 | Temple   | Became a worshipper of Gozag Ym Sagoz the Greedy
  5375 | D:6      | Found a glowing drain.
  5411 | D:6      | Got a scorched cloak
  5437 | D:6      | Identified the +0 cloak "Exkaab" {rElec rCorr Dex-4} (You
                  | found it on level 6 of the Dungeon)
  5439 | Sewer    | Entered a sewer
  6129 | D:6      | Got a scorched leather armour
  6135 | D:6      | Identified the +0 leather armour of Virtue {*Slow +Inv
                  | rF+++} (You found it on level 6 of the Dungeon)
  6644 | D:6      | Found a runed translucent door.
  6645 | D:6      | Got a pitted mace
  6648 | D:6      | Identified the +8 mace "Emopitu" {vorpal, rN+} (You found
                  | it on level 6 of the Dungeon)
  6655 | D:6      | Noticed Crazy Yiuf
  6662 | D:6      | Killed Crazy Yiuf
  7259 | D:7      | Found a blossoming altar of Fedhas.
  7259 | D:7      | Found a sacrificial altar of Ru.
  7260 | D:7      | Found a basalt altar of Yredelemnul.
  7260 | D:7      | Found a hazy altar of Hepliaklqana.
  7310 | D:7      | Reached skill level 5 in Fighting
  7310 | D:7      | Reached XP level 8. HP: 39/62 MP: 6/8
  7433 | D:7      | Noticed Dowan
  7436 | D:7      | Noticed Duvessa
  7458 | D:7      | Killed Duvessa
  7461 | D:7      | Killed Dowan
  8203 | D:7      | Found a sparkling altar of Nemelex Xobeh.
  8473 | D:7      | Reached skill level 5 in Armour
  8473 | D:7      | Reached skill level 5 in Stealth
  8618 | D:7      | Reached skill level 6 in Fighting
  8618 | D:7      | Reached skill level 5 in Dodging
  8862 | D:7      | Found a glowing golden altar of the Shining One.
  9215 | D:7      | Reached XP level 9. HP: 65/69 MP: 9/9
  9476 | D:7      | Learned a level 1 spell: Magic Dart
  9479 | D:7      | Learned a level 2 spell: Searing Ray
 10130 | D:8      | Reached skill level 1 in Maces & Flails
 10165 | D:8      | Noticed Joseph
 10192 | D:8      | Killed Joseph
 10613 | D:8      | Reached skill level 7 in Fighting
 11031 | D:9      | Bought a polished rapier for 198 gold pieces
 11031 | D:9      | Identified the +5 rapier "Tosah" {freeze, rPois} (You
                  | bought it in a shop on level 9 of the Dungeon)
 11169 | D:9      | Noticed a troll
 11211 | D:9      | Killed a troll
 11399 | D:9      | Gained mutation: You have a pair of small antennae on your
                  | head. [demonic ancestry]
 11399 | D:9      | Reached XP level 10. HP: 62/79 MP: 7/10
 11399 | D:9      | Noticed a two-headed ogre
 11401 | D:9      | Quit the game

Illustrated notes

Levels and vault maps discovered:
D:1:      lightli_molten_gateway, layout_basic, wad_floor_pattern_untrapped
D:2:      layout_basic, nicolae_overflow_crystal_walls, uniq_jessica
D:3:      layout_loops_cross, old_standard_altar
D:4:      layout_gridville, uniq_eustachio, uniq_sigmund
D:5:      old_forge, layout_basic, uniq_edmund
D:6:      layout_layer_cave, minmay_temple_entry_drinking_statues,
          portal_sewer_entry_a, uniq_crazy_yiuf_cottage
D:7:      kennysheep_seaside_town, layout_layer_cave,
          nicolae_tso_swordbearing_angel,
          chequers_temple_overflow_statue_of_worship,
          nemelex_diamond_rough_becter, uniq_duvessa
D:8:      layout_cave_pools, nrook_pool_corridor, uniq_joseph
D:9:      layout_loops_ring, grunt_temple_overflow_magic_moments,
          grunt_ministairs_12, kennysheep_nondescript, minmay_misc_feat_rows
Temple:   minmay_temple_bridge_abc

Skill      XL: |  1  2  3  4  5  6  7  8  9 |
---------------+----------------------------+-----
Dodging        | 1 2 3 4 5 6 |  6.4
Armour         | 2 3 4 5 6 |  6.5
Stealth        | 1 2 3 4 5 6 |  6.7
Fighting       | 3 4 5 6 7 |  7.3
Maces & Flails | 2 |  2.8
Long Blades    | |  2.7
Bows           | |  1.0
Throwing       | |  1.0
Shields        | |  1.0

Action                   |  1- 3 |  4- 6 |  7- 9 | 10-12 || total
-------------------------+-------+-------+-------+-------++-------
Melee: Dagger            |   132 |   132 |   101 |       ||   365
       Falchion          |       |     4 |       |       ||     4
       Rapier            |       |    21 |    42 |       ||    63
       Mace              |       |       |   231 |     1 ||   232
       Short sword       |       |       |    44 |       ||    44
Throw: Dart              |     6 |    26 |    24 |       ||    56
       Stone             |       |     2 |     9 |       ||    11
Invok: Call Merchant     |       |       |     1 |       ||     1
Evoke: Wand              |       |     3 |     8 |       ||    11
  Use: Scroll            |       |     6 |    14 |       ||    20
       Potion            |       |     1 |     2 |       ||     3
 Stab: Distracted        |     1 |       |     4 |       ||     5
       Sleeping          |     1 |    10 |    21 |       ||    32
Armor: Robe              |    13 |       |       |       ||    13
       Ring mail         |    37 |    41 |   117 |       ||   195
Dodge: Dodged            |    67 |    73 |   291 |       ||   431
Block: Other             |       |       |    52 |       ||    52
       Reflection        |       |       |     1 |       ||     1
       Rpst.: Falchion   |       |     1 |       |       ||     1

Table legend: (Time is in decaauts)
 A = Elapsed time spent in this place.
 B = Non-inter-level travel time spent in this place.
 C = Inter-level travel time spent in this place.
 D = Time resting spent in this place.
 E = Time spent auto-exploring this place.
 F = Levels seen in this place.
 G = Mean time per level.
                   A        B        C        D        E       F      G
               +--------+--------+--------+--------+--------+-----+--------+
         Total |  11466 |  11196 |    270 |   3530 |   5352 |  11 | 1042.4 |
       Dungeon |  10854 |  10584 |    270 |   3361 |   5192 |   9 | 1206.0 |
        Temple |     51 |     51 |      0 |      0 |     21 |   1 |   51.0 |
         Sewer |    560 |    560 |      0 |    168 |    139 |   1 |  560.0 |
               +--------+--------+--------+--------+--------+-----+--------+

Top non-repeatable levels by time:
     D:7: 2760 daAuts
     D:4: 1734 daAuts
     D:6: 1528 daAuts
     D:1: 1315 daAuts
     D:3: 1181 daAuts
     D:8: 1061 daAuts
     D:2: 795 daAuts
   Sewer: 560 daAuts
     D:9: 432 daAuts
  Temple: 51 daAuts
     D:5: 44 daAuts
